 Dungeon Crawl Stone Soup version 0.31-a0-208-gdb31a4691d (webtiles) character file.

Game seed: 4824798683165160813

5791 Anon1729 the Fighter (level 10, -5/91 HPs)
             Began as a Minotaur Monk on June 28, 2023.
             Was a Follower of Uskayaw.
             Slain by a chaos spawn (13 damage)
             ... on level 2 of the Abyss.
             The game lasted 00:05:48 (7749 turns).

Anon1729 the Fighter (Minotaur Monk)                Turns: 7749, Time: 00:05:48

Health: -5/91      AC:  5    Str: 12    XL:     10   Next: 50%
Magic:  14/14      EV: 17    Int:  7    God:    Uskayaw [*.....]
Gold:   537        SH:  0    Dex: 17    Spells: 9/9 levels left

rFire   x x .        J - +2 dagger (venom)
rCold   . . .        d - orb {light}
rNeg    . . .        b - +0 robe
rPois   .            (helmet restricted)
rElec   .            q - +1 cloak
rCorr   .            (no gloves)
SInv    .            (no boots)
Will    .....        E - amulet of the acrobat
Stlth   +            (no ring)
HPRegen 0.35/turn    (no ring)
MPRegen 0.14/turn

%: acrobat
@: glowing, unable to read, unable to drink
A: horns 2, retaliatory headbutt, [deterioration 2], [weak 2], [heat
vulnerability 2], [inability to drink after injury 2], [inability to read after
injury 2]
a: Renounce Religion, Stomp


You were on level 2 of the Abyss.
You worshipped Uskayaw.
Uskayaw was noncommittal.
You visited 2 branches of the dungeon, and saw 11 of its levels.
You visited the Abyss 1 time.

You collected 537 gold pieces.

Inventory:

Hand Weapons
 a - a +0 antimagic dagger
 D - a +2 dagger of draining
 J - a +2 dagger of venom (weapon)
Armour
 b - a +0 robe (worn)
 d - an orb of light (worn)
 q - a +1 cloak (worn)
 x - a scarf of invisibility
Jewellery
 m - an amulet of guardian spirit
 s - an amulet of magic regeneration
 t - a ring of fire
 E - an amulet of the acrobat (around neck)
 K - a +6 ring of intelligence
Wands
 L - a wand of digging (4)
Scrolls
 c - 3 scrolls of enchant armour
 e - 2 scrolls of enchant weapon
 h - 4 scrolls of revelation
 i - 2 scrolls of teleportation
 l - 2 scrolls of amnesia
 o - a scroll of fear
 w - 4 scrolls of identify
 y - a scroll of poison
 F - 2 scrolls of vulnerability
 G - a scroll of butterflies {unknown}
 H - a scroll of brand weapon {unknown}
Potions
 f - a potion of invisibility {unknown}
 g - 10 potions of curing
 j - 3 potions of lignification {unknown}
 n - a potion of attraction {unknown}
 p - 2 potions of haste
 r - a potion of magic {unknown}
 u - a potion of enlightenment {unknown}
 v - 3 potions of ambrosia
 z - a potion of resistance {unknown}
 A - 2 potions of heal wounds {unknown}
 C - 2 potions of brilliance {unknown}
 I - a potion of mutation {unknown}


   Skills:
 + Level 9.3 Fighting
 + Level 8.4 Short Blades
 + Level 8.4 Armour
 + Level 8.4 Dodging
 + Level 7.0 Invocations


You had 9 spell levels left.
You didn't know any spells.
Your spell library contained the following spells:

 Spells                   Type           Power      Damage    Failure   Level
 Kiss of Death            Conj/Necr      0%         2d5       43%         1
 Blink                    Tloc           0%         N/A       56%         2
 Ensorcelled Hibernation  Hex/Ice        0%         N/A       56%         2
 Lesser Beckoning         Tloc           0%         N/A       56%         2
 Momentum Strike          Conj/Tloc      0%         3d8       56%         2
 Scorch                   Fire           0%         2d5       56%         2
 Sublimation of Blood     Necr           0%         N/A       56%         2
 Confusing Touch          Hex            0%         N/A       80%         3
 Spider Form              Tmut/Pois      0%         N/A       80%         3
 Tukima's Dance           Hex            0%         N/A       80%         3
 Anguish                  Hex/Necr       0%         N/A       99%         4
 Dispel Undead            Necr           0%         3d6       99%         4
 Flame Wave               Conj/Fire      0%         2d4       99%         4
 Olgreb's Toxic Radiance  Pois           0%         N/A       99%         4
 Passage of Golubria      Tloc           0%         N/A       99%         4
 Petrify                  Tmut/Erth      0%         N/A       99%         4
 Irradiate                Conj/Tmut      0%         3d11      100%        5
 Yara's Violent Unravell  Hex/Tmut       0%         3d3       100%        5
 Summon Cactus Giant      Summ           0%         N/A       100%        6
 Discord                  Hex            0%         N/A       100%        8
 Ignition                 Fire           0%         3d3       100%        8


Dungeon Overview and Level Annotations

Branches:
Dungeon (11/15)            Temple (1/1) D:6             Orc (0/2) D:10
   Lair: D:8-11

Altars:
Ashenzari
Cheibriados
Gozag
Hepliaklqana
Kikubaaqudgha
Nemelex Xobeh
Okawaru
Sif Muna
Trog
Uskayaw
Vehumet
Wu Jian
Xom
Zin

Shops:
D:6 **

Annotations:
D:10 Psyche
D:11 3 runed translucent doors, Freyya's ghost, journeyman GrEE


Innate Abilities, Weirdness & Mutations

You have a pair of horns on your head.
You reflexively headbutt those who attack you in melee.
[Your body often deteriorates upon taking damage.]
[You are very weak. (Str -4)]
[You are very vulnerable to heat. (rF--)]
[You sometimes lose the ability to drink potions when taking damage.]
[You sometimes lose the ability to read scrolls when taking damage.]


Message History

Uskayaw prepares the audience for your solo!
The helpless sixfirhy fails to defend itself.
You impale the sixfirhy!!
You kill the sixfirhy!
Uskayaw will force your foes to share their pain.
Uskayaw links your audience in an emotional bond!
Your life force feels restored.
Your Invocations skill increases to level 7!
The small abomination is no longer sharing its pain.
The starcursed mass shrieks in your mind.
* * * LOW HITPOINT WARNING * * *
The wretched star pulses with an eldritch light!
You feel weaker. x2; You feel yourself wasting away.
You feel your body start to fall apart.
A neqoxec comes into view.
You are suddenly pulled into a different region of the Abyss!
You cannot drink potions in your current state!
Okay, then.
You can no longer pass through a line of other dancers.
A chaos spawn comes into view.
The chaos spawn trumpets!
The chaos spawn attacks as you move away!
The chaos spawn misses you.
You hit the chaos spawn but do no damage.
The chaos spawn is poisoned.
You headbutt the chaos spawn, but do no damage.
You hit the chaos spawn but do no damage.
The chaos spawn looks even sicker.
You headbutt the chaos spawn, but do no damage.
The chaos spawn misses you. You furiously retaliate!
You headbutt the chaos spawn. You hit the chaos spawn.
The chaos spawn looks as sick as possible!
You headbutt the chaos spawn, but do no damage.
The chaos spawn is lightly wounded.
You hit the chaos spawn.
The chaos spawn looks as sick as possible!
The chaos spawn is moderately wounded.
The chaos spawn hits you!
You die...

#.....#.##
#.......#
###..##...#
#....#.## #
#..#..#.#
#.......#
##.#...#
#.....##.#
##.@4...#
##.#.###
#.##.# ###
.# ##


You could see a chaos spawn (extremely poisoned).

Vanquished Creatures
  A boulder beetle (D:8)
  A sixfirhy (Abyss:2)
  A gargoyle (D:11)
  A troll (D:11)
  Prince Ribbit (D:7)
  A wyvern (D:7)
  A steam dragon (D:7)
  Menkaure (D:7)
  An acid dragon (D:11)
  A black bear (D:6)
  3 orc warriors
  2 sky beasts (D:8)
  4 ogres
  3 centaurs
  A phantom (D:6)
  4 bullfrogs
  A gnoll sergeant (D:11)
  7 scorpions
  4 wights (D:10)
  4 killer bees (D:11)
  5 howler monkeys
  2 electric eels (D:8)
  A jelly (D:5)
  4 orc priests
  7 hounds
  Crazy Yiuf (D:7)
  A sleepcap (D:8)
  2 iguanas (D:6)
  5 orc wizards
  8 gnolls
  6 adders
  2 shadow imps (D:7)
  A white imp (D:7)
  An ufetubus (D:5)
  5 worms
  3 dart slugs
  37 orcs
  7 endoplasms
  7 giant cockroaches
  7 goblins
  8 hobgoblins
  3 jackals (D:5)
  5 quokkas
  7 ball pythons
  5 bats
  2 frilled lizards (D:2)
  5 kobolds
  5 rats
195 creatures vanquished.

Notes
Turn   | Place    | Note
-------+----------+-------------------------------------------
     0 | D:1      | Anon1729 the Minotaur Monk began the quest for the Orb.
     0 | D:1      | Reached XP level 1. HP: 19/19 MP: 0/0
   164 | D:1      | Reached XP level 2. HP: 27/27 MP: 1/1
   452 | D:2      | Reached skill level 1 in Armour
   462 | D:2      | Reached skill level 4 in Fighting
   462 | D:2      | Reached skill level 1 in Invocations
   462 | D:2      | Reached XP level 3. HP: 4/33 MP: 2/2
   463 | D:2      | HP: 1/33 [quokka (3)]
   821 | D:2      | Reached XP level 4. HP: 34/40 MP: 4/4
   884 | D:2      | Found a faded altar of an unknown god.
  1180 | D:3      | Found an iron altar of Okawaru.
  1669 | D:4      | Found a bloodstained altar of Trog.
  1670 | D:4      | Found a snail-covered altar of Cheibriados.
  1670 | D:4      | Found a radiant altar of Vehumet.
  1671 | D:4      | Found an ancient bone altar of Kikubaaqudgha.
  1671 | D:4      | Found a shimmering altar of Xom.
  1701 | D:4      | Noticed an ogre
  1716 | D:4      | Killed an ogre
  1717 | D:4      | Reached XP level 5. HP: 26/47 MP: 3/5
  2058 | D:4      | Reached XP level 6. HP: 43/55 MP: 2/6
  2397 | D:5      | Entered Level 5 of the Dungeon
  2407 | D:5      | Reached skill level 5 in Fighting
  2588 | D:5      | Reached XP level 7. HP: 50/61 MP: 8/8
  2830 | D:5      | Reached skill level 5 in Short Blades
  2830 | D:5      | Reached skill level 5 in Dodging
  3230 | D:6      | Found Qiqezo's General Store.
  3230 | D:6      | Found Gusery's Specific Store.
  3346 | D:6      | Reached skill level 6 in Fighting
  3356 | D:6      | Found a staircase to the Ecumenical Temple.
  3373 | D:6      | Reached XP level 8. HP: 58/70 MP: 7/9
  3378 | Temple   | Entered the Ecumenical Temple
  3405 | Temple   | Became a worshipper of Uskayaw the Reveller
  3405 | Temple   | Reached * piety under Uskayaw
  3512 | D:6      | Reached ** piety under Uskayaw
  3513 | D:6      | Reached skill level 5 in Armour
  4009 | D:7      | Reached *** piety under Uskayaw
  4014 | D:7      | Reached **** piety under Uskayaw
  4184 | D:7      | Reached skill level 7 in Fighting
  4184 | D:7      | Reached ***** piety under Uskayaw
  4434 | D:7      | Reached skill level 5 in Invocations
  4524 | D:7      | Reached XP level 9. HP: 73/79 MP: 9/11
  4616 | D:7      | Noticed Prince Ribbit
  4622 | D:7      | Killed Prince Ribbit
  4939 | D:7      | Noticed Menkaure
  4946 | D:7      | Killed Menkaure
  5000 | D:7      | Found a runed translucent door.
  5001 | D:7      | Noticed Crazy Yiuf
  5304 | D:7      | Killed Crazy Yiuf
  5372 | D:8      | Noticed a boulder beetle
  5413 | D:8      | Reached ****** piety under Uskayaw
  5419 | D:8      | Reached skill level 8 in Fighting
  5421 | D:8      | Killed a boulder beetle
  5630 | D:8      | Found a glowing silver altar of Zin.
  5631 | D:8      | Found an opulent altar of Gozag.
  5657 | D:8      | Found a shimmering blue altar of Sif Muna.
  6086 | D:8      | You fall into a shaft and drop 3 floors!
  6100 | D:11     | Reached XP level 10. HP: 90/90 MP: 13/13
  6152 | D:11     | Noticed a gargoyle
  6175 | D:11     | Killed a gargoyle
  6881 | D:11     | Reached skill level 9 in Fighting
  7134 | D:11     | Found a runed translucent gate.
  7134 | D:11     | Found a runed translucent gate.
  7134 | D:11     | Found a runed translucent gate.
  7134 | D:11     | Noticed Freyya's ghost (journeyman GrEE)
  7194 | D:10     | Entered Level 10 of the Dungeon
  7231 | D:10     | Found a staircase to the Orcish Mines.
  7622 | D:10     | Found a sparkling altar of Nemelex Xobeh.
  7633 | D:10     | Noticed Psyche
  7643 | Abyss:2  | Cast into level 2 of the Abyss (Psyche)
  7645 | Abyss:2  | Noticed a starcursed mass
  7703 | Abyss:2  | Noticed a worldbinder
  7706 | Abyss:2  | Noticed a merfolk aquamancer
  7706 | Abyss:2  | Noticed a manticore
  7706 | Abyss:2  | Noticed a wretched star
  7712 | Abyss:2  | Noticed a sixfirhy
  7713 | Abyss:2  | Noticed a wretched star
  7731 | Abyss:2  | Killed a sixfirhy
  7736 | Abyss:2  | HP: 4/91 [starcursed mass/accursed screaming (6)]
  7749 | Abyss:2  | Slain by a chaos spawn

Illustrated notes

Levels and vault maps discovered:
D:1:      minmay_arrival_loop, layout_rooms
D:2:      layout_rooms, dreamdust_ecumenical_altar_angels_and_demons
D:3:      layout_rooms, okawaru_trees_2, hangedman_decor_slide_cut,
          chequers_garden
D:4:      layout_loops_ring, grunt_temple_overflow_open, minmay_misc_feat_five
D:5:      layout_rooms
D:6:      layout_cave_pools, minmay_temple_entry_grid, nicolae_specific_store
D:7:      layout_cave_pods, uniq_prince_ribbit1, uniq_menkaure,
          uniq_crazy_yiuf_cottage
D:8:      layout_rooms, grunt_temple_overflow_gold_and_silver,
          nicolae_sif_muna_condensation, nrook_mini_vaults, chequers_big_river
D:10:     layout_cave_pools, mainiacjoe_overflow_alcove_1, dpeg_oklobed_lair,
          david_orc_5, hellmonk_bongcloud_opening, uniq_psyche
D:11:     nicolae_cairo_tiling_large, layout_loops_cross,
          nicolae_yredelemnul_ghost_church
Temple:   chequers_temple_sunken
Abyss:2:  base: D:9, minivault_11, evilmike_abyss_exit_10,
          evilmike_abyss_exit_mutagenic, hangedman_relentless_pull

Skill      XL: |  1  2  3  4  5  6  7  8  9 10 |
---------------+-------------------------------+-----
Armour         | 1 2 3 4 6 7 8 |  8.4
Fighting       | 4 5 6 7 8 9 |  9.3
Invocations    | 1 2 3 5 6 7 |  7.0
Dodging        | 4 5 6 7 8 |  8.4
Short Blades   | 4 5 6 7 8 |  8.4

Action                     |  1- 3 |  4- 6 |  7- 9 | 10-12 || total
---------------------------+-------+-------+-------+-------++-------
  Melee: Short sword       |    75 |   132 |    33 |       ||   240
         Headbutt          |    16 |    33 |    64 |    40 ||   153
         Trident           |       |       |   156 |       ||   156
         Dagger            |       |       |   104 |   130 ||   234
 Invoke: Line Pass         |       |       |       |     1 ||     1
  Evoke: Wand              |       |       |     2 |     4 ||     6
    Use: Potion            |     1 |       |       |       ||     1
         Scroll            |       |       |     8 |     3 ||    11
   Stab: Paralysed         |       |       |    11 |    11 ||    22
 Armour: Robe              |    10 |    14 |    88 |    11 ||   123
  Dodge: Dodged            |    47 |    59 |   223 |   109 ||   438

Table legend: (Time is in decaauts)
 A = Elapsed time spent in this place.
 B = Non-inter-level travel time spent in this place.
 C = Inter-level travel time spent in this place.
 D = Time resting spent in this place.
 E = Time spent auto-exploring this place.
 F = Levels seen in this place.
 G = Mean time per level.
                   A        B        C        D        E       F      G
               +--------+--------+--------+--------+--------+-----+--------+
         Total |   7658 |   7305 |    353 |    341 |   5751 |  12 |  638.2 |
       Dungeon |   7538 |   7198 |    340 |    341 |   5751 |  10 |  753.8 |
        Temple |     15 |      3 |     12 |      0 |      0 |   1 |   15.0 |
         Abyss |    104 |    104 |      0 |      0 |      0 |   1 |  104.0 |
               +--------+--------+--------+--------+--------+-----+--------+

Top non-repeatable levels by time:
     D:7: 1341 daAuts
    D:11: 1082 daAuts
     D:4: 867 daAuts
     D:6: 788 daAuts
     D:5: 727 daAuts
     D:8: 703 daAuts
     D:3: 606 daAuts
     D:2: 564 daAuts
     D:1: 433 daAuts
    D:10: 423 daAuts
 Abyss:2: 104 daAuts
  Temple: 15 daAuts
